 Dungeon Crawl Stone Soup version 0.18-a0-1577-gf591c28 (webtiles) character file.

116 Duffy the Conjurer (level 4, -11/24 HPs)
             Began as a Deep Elf Fire Elementalist on Mar 24, 2016.
             Engulfed by a cloud of steam (16 damage)
             ... on level 2 of the Dungeon.
             The game lasted 00:01:56 (1791 turns).

Duffy the Conjurer (Deep Elf Fire Elementalist)     Turns: 1791, Time: 00:01:56

Health: -11/24     AC:  2    Str:  5    XL:     4   Next: 70%
Magic:  9/10       EV: 13    Int: 20    God:
Gold:   97         SH:  0    Dex: 16    Spells: 1 memorised, 8 levels left

rFire  . . .     SeeInvis .     f - +0 short sword (holy)
rCold  . . .     Gourm    .     a - +0 robe
rNeg   . . .     Faith    .     (no shield)
rPois  .         Spirit   .     (no helmet)
rElec  .         Dismiss  .     (no cloak)
rCorr  .         Reflect  .     (no gloves)
SustAt .         Harm     .     (no boots)
MR     .....                    (no amulet)
Stlth  +.........               (no ring)
                                (no ring)

@: not resistant to hostile enchantments, very unstealthy
A: no striking features
a: no special abilities


You were on level 2 of the Dungeon.
You were not hungry.

You visited 1 branch of the dungeon, and saw 2 of its levels.

You collected 97 gold pieces.


   Skills:
 - Level 2.4 Dodging
 - Level 2.4 Stealth
 - Level 3.0 Spellcasting
 + Level 5.1 Conjurations
 - Level 3.2 Fire Magic


You had 8 spell levels left.
You knew the following spells:

 Your Spells              Type           Power        Failure   Level  Hunger
a - Flame Tongue          Conj/Fire      ###..        2%          1    None

Inventory:

Hand Weapons
 f - a +0 short sword of holy wrath (weapon)
Armour
 a - a +0 robe (worn)
Scrolls
 e - a scroll of remove curse {unknown}
 g - 2 scrolls of enchant armour {unknown}
 h - a scroll of amnesia {unknown}
 i - 2 scrolls of identify {unknown}
 k - a scroll of fog {unknown}
Potions
 d - a potion of degeneration {unknown}
 l - a potion of curing
Books
 b - a book of Flames
Comestibles
 c - 3 bread rations
 j - a beef jerky
 m - 2 chunks of flesh

Dungeon Overview and Level Annotations

Branches:
Dungeon (2/15)

Altars:


Message History

m - 2 chunks of flesh (gained 1)
You see here an enchanted dagger.
You enter the shallow water.
Moving in this stuff is going to be slow.
A rat comes into view.
The rat is too close now for your liking.
You enter the shallow water.
Moving in this stuff is going to be slow.
Cast which spell? (? or * to list)
Aiming: Flame Tongue
Press: ? - help, Shift-Dir - straight line, f - rat
Aim: a rat (hasn't noticed you)
Your line of fire to the rat is blocked by a plant.
Continue anyway? [Y]es or [N]o only, please.
Your line of fire to the rat is blocked by a plant.
Continue anyway? [Y]es or [N]o only, please.
Your line of fire to the rat is blocked by a plant.
Continue anyway?
Okay, then.
The rat bites you. The rat barely misses you.
Cast which spell? (? or * to list)
Aiming: Flame Tongue
Press: ? - help, Shift-Dir - straight line, f/p - rat
Aim: a rat The flame tongue hits the rat.
You kill the rat!
Cast which spell? (? or * to list)
You can't see any susceptible monsters within range! (Use Z to cast anyway.) Cast which spell? (? or * to list)
You can't see any susceptible monsters within range! (Use Z to cast anyway.)
You are engulfed in a cloud of scalding steam.
Ouch! That really hurt!
The plant is engulfed in a cloud of scalding steam.
You are engulfed in a cloud of scalding steam.
Ouch! That really hurt!
You die...

#### #.....#
#.#............
# ##.....##
#.#########.#.#
# #...P...###.#
#.#.# #
...P.P.......#
#.... #
.#.P~P~P~~####
#.... #
.P~~PP770PP#
##... ..~P77
7P~P# #.>. .P~~
7~0P# ###. ..P
7P@P# #.
~~~P~~~~!# #.
~PP~~~~~.# ##
###..P~..#
####P.## ##.#
#.# #.#


There were no monsters in sight!

Action                   |  1- 3 |  4- 6 || total
-------------------------+-------+-------++-------
Melee: Unarmed           |     2 |       ||     2
 Cast: Flame Tongue      |    57 |    17 ||    74
  Eat: Chunk             |     1 |     1 ||     2

Notes
Turn   | Place    | Note
--------------------------------------------------------------
     0 | D:1      | Duffy the Deep Elf Fire Elementalist began the quest for the Orb.
     0 | D:1      | Reached XP level 1. HP: 10/10 MP: 6/6
   215 | D:1      | Reached skill level 2 in Conjurations
   290 | D:1      | Reached XP level 2. HP: 9/15 MP: 0/8
   928 | D:2      | Reached skill level 3 in Conjurations
  1019 | D:2      | Reached XP level 3. HP: 19/19 MP: 6/9
  1320 | D:2      | Reached skill level 4 in Conjurations
  1510 | D:2      | Noticed Jessica
  1516 | D:2      | Killed Jessica
  1516 | D:2      | Reached XP level 4. HP: 24/24 MP: 6/10
  1562 | D:2      | Noticed Terence
  1574 | D:2      | Killed Terence
  1652 | D:2      | Reached skill level 5 in Conjurations
  1791 | D:2      | Engulfed by a cloud of steam

Vault maps used:
D:1:      matt_arrival_refuge, minmay_statues_item, minmay_misc_feat_columns
D:2:      first_bread, minmay_misc_feat_roman, serial_bayou_pond_c,
          minmay_box_of_dots, uniq_jessica, uniq_terence

Vanquished Creatures
  Jessica Terence
  3 adders
  A worm
  2 giant cockroaches
  5 goblins
  4 hobgoblins
  2 jackals
  4 bats
  5 giant newts
  5 kobolds
  10 rats
43 creatures vanquished.
